Cogmind - Beta 13 *** ADVENTURER MODE // 2024.05.17 @ 02:14:49 Player: Velkrum Result: Destroyed by S-10 Pest with Light Assault Rifle Performance ------------- Evolutions (0) 0 Regions Visited (2) 400 Robots Destroyed (4) 20 Value Destroyed (83) 83 Prototype IDs (0) 0 Alien Tech Used (0) 0 Bonus (0) 0 TOTAL SCORE: 503 Bonus ------- None Cogmind --------- Core Integrity 0/250 Matter 288/300 Energy 121/125 System Corruption 0% Temperature Cool (2) Movement Walking (120) Location -10/Mines Parts ------- > --- POWER (1) -------- Light Ion Engine > --- PROPULSION (2) --- Aluminum Leg Aluminum Leg > --- UTILITY (2) ------ Small Storage Unit > --- WEAPON (2) ------- Medium Laser Light Assault Rifle > --- INVENTORY (8) ---- Small Laser Peak State ------------ > --- POWER ------------ Light Ion Engine > --- PROPULSION ------- Wheel Compact Wheel > --- UTILITY ---------- Small Storage Unit > --- WEAPON ----------- Medium Laser Assault Rifle > --- INVENTORY -------- Light Ion Engine Aluminum Leg Aluminum Leg Small Laser [Rating: 6] Favorites ----------- Power Light Ion Engine Engine Light Ion Engine Propulsion Compact Wheel Leg Aluminum Leg Wheel Compact Wheel Utility Small Storage Unit Storage Small Storage Unit Weapon Medium Laser Energy Gun Medium Laser Ballistic Gun Assault Rifle Build | -11 -10 -10 ------- Run | Yrd Mat Min Slots Evolved . | . . . Power . | . . . Propulsion . | . . . Utility . | . . . Weapon . | . . . Parts Attached 10 | 6 . 4 Power 2 | 1 . 1 Engine 2 | 1 . 1 Core . | . . . Reactor . | . . . Propulsion 4 | 2 . 2 Treads . | . . . Leg 2 | . . 2 Wheel 2 | 2 . . Hover . | . . . Flight . | . . . Utility 1 | 1 . . Device . | . . . Storage 1 | 1 . . Processor . | . . . Hackware . | . . . Protection . | . . . Artifact . | . . . Weapon 3 | 2 . 1 Energy Gun 1 | 1 . . Energy Cannon . | . . . Ballistic Gun 2 | 1 . 1 Ballistic Cannon . | . . . Launcher . | . . . Special Weapon . | . . . Impact Weapon . | . . . Slashing Weapon . | . . . Piercing Weapon . | . . . Special Melee Weapon . | . . . Unidentified Prototypes . | . . . Parts Lost 4 | . . 4 Power 1 | . . 1 Propulsion 2 | . . 2 Utility . | . . . Weapon 1 | . . 1 Highest Loss Streak 4 | . . 4 To Critical Strikes . | . . . Average Slot Usage (%) 68 | . 85 64 Engine 9 | . 14 8 Leg 6 | . . 7 Wheel 13 | . 28 10 Storage 14 | . 14 14 Energy Gun 14 | . 14 14 Ballistic Gun 10 | . 14 9 Naked Turns . | . . . Heaviest Build 12 | 12 12 12 Greatest Support 26 | 26 26 26 Greatest Overweight (x) 2 | . . 2 Average Overweight (x) . | . . . Largest Inventory Capacity 8 | 8 8 8 Average Capacity 7 | 7 8 8 Most Carried 5 | 5 4 4 Average Carried 3 | 3 4 3 Final Capacity 8 | 8 8 8 Final Carried 4 | 4 4 1 Class Distribution -------------------- 100% | Mutant Dominant Class ---------------- Mutant | -10/Materials Mutant | -10/Mines Resources | -11 -10 -10 ----------- Run | Yrd Mat Min Matter Collected 308 | 202 . 106 Remotely . | . . . Salvage Created 109 | . . 109 Parts 7 | . . 7 Haulers Intercepted . | . . . Recyclers Shooed . | . . . Parts Field Recycled . | . . . Retrieved Matter . | . . . Parts Self-Destructed . | . . . Prevented . | . . . Kills | -11 -10 -10 ------- Run | Yrd Mat Min Combat Hostiles Destroyed 7 | . . 7 Guns 7 | . . 7 Classes Destroyed 3 | . . 3 Swarmer 3 | . . 3 Demolisher 1 | . . 1 Assembled 3 | . . 3 Best Kill Streak 3 | . . 3 Combat Bots Only 3 | . . 3 Max Kills in Single Turn 1 | . . 1 Gunslinging . | . . . Exploded . | . . . Melee . | . . . Uniques/NPCs Destroyed . | . . . Combat | -11 -10 -10 -------- Run | Yrd Mat Min Hostile Shots Fired 52 | . 2 50 Missed 17 | . 1 16 Damage Taken 603 | . 14 589 Core 251 | . . 251 Absorbed by Shields . | . . . Ignored by Resistances 174 | . 4 170 Core Remaining (%) 100 | 100 . . Volleys Fired 24 | . . 24 Largest 2 | . . 2 Hottest 70 | . . 70 Shots Fired 38 | . . 38 Gun 38 | . . 38 Cannon . | . . . Launcher . | . . . Special . | . . . Kinetic 14 | . . 14 Thermal 24 | . . 24 Explosive . | . . . Electromagnetic . | . . . Robot Hit Streak 8 | . . 8 Robot Miss Streak 2 | . . 2 Penetration Max . | . . . Secondary Targets 1 | . . 1 Max Gunslinging Chain 1 | . . 1 Shots Hit Robots 27 | . . 27 Core Hits 16 | . . 16 Critical Kills . | . . . Critical Parts Destroyed . | . . . Critical Strikes 2 | . . 2 Burn 1 | . . 1 Destroy 1 | . . 1 Melee Attacks . | . . . Impact . | . . . Slashing . | . . . Piercing . | . . . Sneak Attacks . | . . . Combat Hostiles . | . . . Follow-up Attacks . | . . . Damage Inflicted 338 | . . 338 Guns 338 | . . 338 Cannons . | . . . Explosions . | . . . Melee . | . . . Ramming . | . . . Kinetic 140 | . . 140 Thermal 198 | . . 198 Explosive . | . . . Electromagnetic . | . . . Impact . | . . . Slashing . | . . . Piercing . | . . . Highest Corruption . | . . . Average Corruption . | . . . Corruption Purged . | . . . Corruption Blocked . | . . . Overload Shots . | . . . Overflow Damage . | . . . Projectiles . | . . . Explosions . | . . . Melee . | . . . Knockbacks . | . . . Impact . | . . . Kinetic . | . . . Secondary . | . . . Self-Inflicted Damage . | . . . Shots . | . . . Rammed . | . . . Targets Rammed . | . . . Kicked . | . . . Crushed . | . . . Highest Temperature 94 | . . 94 Average Temperature 34 | . . 34 Received Heat Transfer 89 | . 9 80 Siege Activations . | . . . Robots Corrupted . | . . . Combat Hostiles . | . . . Parts Fried . | . . . Impact Corruptions . | . . . Robots Melted . | . . . Combat Hostiles . | . . . Parts Melted . | . . . Heat Transferred 666 | . . 666 Parts Sabotaged . | . . . Parts Stolen . | . . . Parts Stripped . | . . . Power Chain Reactions . | . . . Alert | -11 -10 -10 ------- Run | Yrd Mat Min Peak Influence 90 | . 19 90 Initial 6 | . . 6 Average 24 | . 9 31 Maximum Alert Level . | . . . Low Security (%) 100 | 100 100 100 Level 1 . | . . . Level 2 . | . . . Level 3 . | . . . Level 4 . | . . . Level 5 . | . . . High Security . | . . . Max Security . | . . . Squads Dispatched . | . . . Investigation . | . . . Extermination . | . . . Reinforcement . | . . . Assault . | . . . Garrison . | . . . Intercept . | . . . Searches Triggered . | . . . Construction Impeded . | . . . Haulers Reinforced . | . . . Active Scanning Responses . | . . . Cargo Convoy Interrupts . | . . . Stealth | -11 -10 -10 --------- Run | Yrd Mat Min Distress Signals . | . . . Communications Jammed . | . . . Distress Signals . | . . . Times Spotted 29 | . 5 24 Peak Tracking Total 16 | . 7 16 Tactical Retreats 2 | . . 2 Traps | -11 -10 -10 ------- Run | Yrd Mat Min Traps Triggered 1 | . 1 . Indirectly . | . . . Trap Hack Attempts . | . . . Triggered . | . . . Disarmed . | . . . Reprogrammed . | . . . Reused . | . . . Traps Extracted . | . . . Installed . | . . . Triggered . | . . . Machines | -11 -10 -10 ---------- Run | Yrd Mat Min Machines Disabled . | . . . Max in Single Turn . | . . . Machines Repaired . | . . . Machines Dismantled . | . . . Machines Sabotaged . | . . . Overloaded Fab Kills . | . . . Hacking | -11 -10 -10 --------- Run | Yrd Mat Min Machines Accessed 2 | . 2 . Terminals 1 | . 1 . Fabricators . | . . . Repair Stations . | . . . Recycling Units 1 | . 1 . Scanalyzers . | . . . Garrison Access . | . . . Total Hacks 4 | . 4 . Successful 4 | . 4 . Failed . | . . . Catastrophic . | . . . Database Lockouts . | . . . Manual . | . . . Terminals 3 | . 3 . Fabricators . | . . . Repair Stations . | . . . Recycling Units 1 | . 1 . Scanalyzers . | . . . Garrison Access . | . . . Terminal Hacks 3 | . 3 . Record 1 | . 1 . Maintenance Status 1 | . 1 . Zone Layout 1 | . 1 . Fabricator Hacks . | . . . Repair Station Hacks . | . . . Recycling Unit Hacks 1 | . 1 . Process 1 | . 1 . Scanalyzer . | . . . Garrison Access Hacks . | . . . Unauthorized Hacks . | . . . Terminals . | . . . Fabricators . | . . . Repair Stations . | . . . Recycling Units . | . . . Scanalyzers . | . . . Garrison Access . | . . . Data Cores Recovered . | . . . Used . | . . . Hacking Detections . | . . . Full Trace Events . | . . . Feedback Events . | . . . Feedback Blocked . | . . . Robot Schematics Acquired . | . . . Robots Built . | . . . Authchips . | . . . Time . | . . . Total Robot Build Rating . | . . . Part Schematics Acquired . | . . . Parts Built . | . . . Authchips . | . . . Time . | . . . Total Part Build Rating . | . . . Parts Repaired . | . . . Time . | . . . Parts Recycled . | . . . Recycled Matter 14 | . 14 . Retrieved Matter . | . . . Retrieved Components . | . . . Parts Scanalyzed . | . . . Part Schematics Acquired . | . . . Parts Damaged . | . . . Bothacking | -11 -10 -10 ------------ Run | Yrd Mat Min Used RIF Installer . | . . . Robots Hacked . | . . . Non-combat . | . . . Combat . | . . . Robot Hacks Applied . | . . . Relay Couplers Released . | . . . Fabnet Peak Effective % . | . . . Robots Rewired . | . . . Allies Hacked . | . . . Hacks Repelled . | . . . Allies | -11 -10 -10 -------- Run | Yrd Mat Min Total Allies . | . . . Largest Group . | . . . Highest-Rated Group . | . . . Highest-Rated Ally . | . . . Total Orders . | . . . Ally Attacks . | . . . Total Damage . | . . . Kills . | . . . Allies Corrupted . | . . . Allies Melted . | . . . Intel | -11 -10 -10 ------- Run | Yrd Mat Min Robot Analysis Total . | . . . Derelict Logs Recovered 1 | . . 1 Drone Launches . | . . . Drone Recoveries . | . . . Exploration | -11 -10 -10 ------------- Run | Yrd Mat Min Turns Passed 547 | 57 73 417 Spaces Moved 437 | 48 82 307 Core 87 | 8 . 79 Treads . | . . . Legs 89 | . . 89 Wheels 261 | 40 82 139 Hover . | . . . Flight . | . . . Fastest Speed 50 | 50 90 90 Average Speed 106 | 85 90 114 Slowest Speed 150 | 100 90 150 Overloaded Moves . | . . . Propulsion Burnouts . | . . . Robots Hopped . | . . . Cave-ins Triggered . | . . . Exploration Rate (%) 34 | 4 27 71 Regions Visited 2 Branch Regions 1 Pre-discovered Areas 1 | . . 1 Known Exits Taken . | . . . Unknown Exits Taken 2 | 1 1 . Scrap Searched . | . . . Spaces Dug . | . . . Terrain Destroyed . | . . . Melee . | . . . Projectile . | . . . AOE . | . . . Terrain Rammed . | . . . Walls Destroyed . | . . . Machines Disabled . | . . . Actions | -11 -10 -10 --------- Run | Yrd Mat Min Total 480 | 63 81 336 Wait . | . . . Move 435 | 47 81 307 Hop . | . . . Pick Up 11 | 10 . 1 Fast Attach . | . . . Attach 10 | 6 . 4 Detach . | . . . Swap . | . . . Drop . | . . . Fire 24 | . . 24 Melee . | . . . Ram . | . . . Kick . | . . . Crush . | . . . Escape Stasis . | . . . Rewire . | . . . Trap . | . . . Miscellaneous . | . . . Route ------- -11/Scrapyard -10/Materials -10/Mines (discovered 1 exit: [*Mat]) History --------- Turn | Location | Event 18 | -11/Scrapyard | Discovered new exit (range 16) 58 | -11/Scrapyard | Entered Materials 100 | -10/Materials | Discovered new exit (range 16) 131 | -10/Materials | Entered Mines 180 | -10/Mines | Assembled infested the area 271 | -10/Mines | Core integrity fell below 50% 286 | -10/Mines | Core integrity fell below 20% 306 | -10/Mines | Build established: Mutant 326 | -10/Mines | Lost 4 parts (1p2n1w) 542 | -10/Mines | Learned location of Storage (-7) 543 | -10/Mines | Discovered new exit (range 13) 548 | -10/Mines | Destroyed by S-10 Pest with Light Assault Rifle Last Messages --------------- 00360_ K-01 Serf collects debris. 00361_ U-05 Engineer lays Concrete. 00363_ U-05 Engineer builds a Wall. 00364_ K-01 Serf collects debris. 00420_ S-10 Pest destroyed. 00432_ K-01 Serf collects debris. 00435_ S-10 Pest destroyed. 00438_ K-01 Serf cleans the Laser Drill. 00438_ Acquired Lgt. Assault Rifle. 00440_ Acquired 16 matter. 00441_ K-01 Serf collects debris. 00443_ Acquired 13 matter. 00445_ K-01 Serf collects debris. 00452_ K-01 Serf cleans the Laser Drill. 00456_ K-01 Serf collects debris. 00476_ K-01 Serf cleans the Laser Drill. 00500_ R-06 Scavenger collects Flight Unit. 00542_ Acquired derelict log, extracted data. World map updated: -7/Storage. 00543_ EXIT=FOUND Map ----- +----------------------------------------------------+ | ???????????????????????????????????? | | ???????????????????????????????????? | | ???????????????????????????????????? | | ??????????# ???????????????????????? | | ?#???? ???????????????????????? | | ## ??????????????????????? | | ??????????????????????? | | ??????????????????????? | | ## ??????????????????????? | | ???????##??????????????????????????? | | ???????????????????????????????????? | | ???????????????????????????????????? | | ???????????????????????????????????? | | ??????????????????????####?????####? | | ??????????????????????#ggg????# #? | | ??????????????????????# #### ?? | | ??????????????????????# ??? | | ?????????????# ????#### < ??? | | ??????????????# ??## ???? | | ??????????????# ## ????? | | ??????????????# s ?????? | | ??????????????# ss ??????? | | #####?????????# #??????? | | #????#####?? #??????? | | "" #????# ####??# #??????? | | "" #????# ##??# @ #???????? | | "" #?????# #??### #???????? | | #?????# ##???## ##???????? | | #####????## ##???# #????????? | | ##??????## ##### #????????? | | #????### #????????? | | ###### #### #????????? | | ## ##??# #????????? | | ####### ######???# #????????? | | ??????# ##????????# #????????? | | ?????# #?????????# #????????? | | ????# #????????# #????????? | | ##??# """ #????????# #????????? | | #??# """ #???????? ????????? | | ###?# """ #???????? ????????? | | ## ##???????? ????????? | | ## #????????? ##????????? | | ### ????????? #??????????? | | #?## ????????? ???????????? | | #??## ????????????????????? | | ##???? ????????????????????? | | ##????? ????????????????????? | | #?????? ? ?????????????????????? | | #??????????????????????????????????? | | ???????????????????????????????????? | +----------------------------------------------------+ Best States ------------- Heat Dissipation 25 Energy Generation 10 Energy Capacity 125 Matter Stores 300 Matter Capacity 300 Sight Range 16 Terrain Scan Density 10 Resistance: KI 20 Resistance: TH 20 Resistance: EX 20 Resistance: EM 20 Resistance: I 20 Resistance: S 20 Resistance: P 20 Evasion (%) 55 Offensive Hacking 10 Item Schematics ----------------- None Robot Schematics ------------------ None Fabricated ------------ Nothing Alien Tech Used ----------------- None Achievements -------------- None Challenges ------------ None Game ------ Seed ParticleSpacefoldSaw Manual? 0 Play Time 00:11:11 Cumulative 3.7 hours Start 2024.05.17 @ 02:06:18 End 2024.05.17 @ 02:14:49 Sessions 1 Manual Loads 0 Difficulty Adventurer Special Mode None Game No. 9 Rogue 0 Adventurer 9 Explorer 0 Win Type - Total 0 Types 0/0/0/0/0/0/0/0/0 Lore% 2 Gallery% 10 Achievement% 8 Wizard Run 0 Options --------- Layout 1 ASCII 0 Keyboard 0 Movement Mouse Keybinds 0 Fullscreen 1 Font 48/Smallcaps Map View 50x35 Zoom Use 0% Tactical HUD 1 Map Filters NONE Filters NONE Steam 1 RUN: f925d592-102e-48fe-bf61-b73949cf4e36